 Dungeon Crawl Stone Soup version 0.21.1-1-g345015fe64 (webtiles) character file.

596 Revguard the Slasher (level 7, 0/58 HPs)
             Began as a Demonspawn Gladiator on July 21, 2018.
             Was a Believer of Cheibriados.
             Slain by a centaur (2 damage)
             ... on level 5 of the Dungeon.
             The game lasted 00:22:02 (4572 turns).

Revguard the Slasher (Demonspawn Gladiator)         Turns: 4572, Time: 00:22:02

Health: 0/58       AC:  6    Str: 20    XL:     7   Next: 17%
Magic:  11/11      EV: 16    Int: 17    God:    Cheibriados [**....]
Gold:   249        SH:  0    Dex: 20    Spells: 10/10 levels left

rFire    + + .     SeeInvis .   a - +1 long sword
rCold    x . .     Gourm    .   (no shield)
rNeg     . . .     Faith    .   b - +1 leather armour
rPois    +         Spirit   .   c - +0 helmet
rElec    .         Reflect  .   r - +0 cloak
rCorr    .         Harm     .   (no gloves)
MR       .....                  (no boots)
Stlth    +.........             (no amulet)
HPRegen  0.19/turn              j - ring of fire
MPRegen  0.12/turn              (no ring)

@: invisible, very slow
A: hooves 1, repulsion field 2, clever 1, fire resistance 1, high mp 1, poison
resistance, robust 1
a: Bend Time, Renounce Religion


You were on level 5 of the Dungeon.
You worshipped Cheibriados.
Cheibriados was pleased with you.
You were not hungry.

You visited 1 branch of the dungeon, and saw 5 of its levels.
You also visited: Ossuary.

You collected 249 gold pieces.

Inventory:

Hand Weapons
 a - a +1 long sword (weapon)
 e - a cursed -2 quarterstaff
Missiles
 d - 4 throwing nets (quivered)
Armour
 b - a +1 leather armour (worn)
 c - a +0 helmet (worn)
 k - a +0 chain mail
 r - a +0 cloak (worn)
Jewellery
 j - a ring of fire (left hand)
Wands
 v - a wand of digging (14)
Scrolls
 g - 5 scrolls of identify {unknown}
 h - a scroll of fog {unknown}
 i - 2 scrolls of enchant weapon
 l - a scroll of enchant armour
 n - 3 scrolls of teleportation
 o - 3 scrolls of remove curse {unknown}
Potions
 m - a potion of might {unknown}
 p - 2 potions of mutation
 q - a potion of haste
 s - a potion of agility {unknown}
 t - a potion of invisibility
 u - 2 potions of flight {unknown}
Comestibles
 f - 9 rations


   Skills:
 * Level 3.8 Fighting
 + Level 5.0 Long Blades
 - Level 1.7 Throwing
 * Level 2.6 Armour
 - Level 3.0 Dodging
 * Level 2.3 Spellcasting
 * Level 2.6 Invocations


You had 10 spell levels left.
You didn't know any spells.

Dungeon Overview and Level Annotations

Branches:
Dungeon (5/15)
 Temple: D:4-7

Altars:
Cheibriados
Makhleb

Annotations:
D:3 IceCat's ghost, amateur GrEE


Innate Abilities, Weirdness & Mutations

You have large cloven feet.
You are surrounded by a moderate repulsion field. (EV +3)
Your flesh is heat resistant. (rF+)
Your mind is acute. (Int +2)
You have an increased reservoir of magic. (+10% MP)
Your system is resistant to poisons. (rPois)
You are robust. (+10% HP)


Message History

The orc priest hits you but does no damage.
The centaur unwields an uncursed shortbow.
The centaur hits you.
You closely miss the orc priest.
You kick the orc priest, but do no damage.
The centaur hits you!
* * * LOW HITPOINT WARNING * * *
The orc priest calls down the wrath of Beogh upon you.
Beogh smites you!
* * * LOW HITPOINT WARNING * * *
The centaur barely misses you.
You riposte.
You hit the centaur. Your kick misses the centaur.
The centaur is severely wounded.
Okay, then.
Okay, then.
It was a potion of invisibility.
You fade into invisibility!
The orc priest casts a cantrip, but nothing happens.
The centaur hits you.
You die...

........#
...........
........##
...........
.........#
########...
......$..# ##..
.........# #..
.......<.#
##########..
.......o.#
##.......##..
#######c##
#........#...
#@o###..........##
##(.##.........##
##(.#........##
##.##.......#
#..##......#
##..#.....##
##.......#
#..##...#
##.######


You could see a centaur, an orc priest and an orc.

Vanquished Creatures
  The ghost of Ablot the Sneak, a novice GnEn (D:4)
  A human zombie (Ossuary)
  An orc priest (D:5)
  Terence (D:2)
  2 worker ants (D:4)
  A hound skeleton (D:5)
  4 mummies (Ossuary)
  An adder (D:4)
  A howler monkey skeleton (D:4)
  A shadow imp (D:4)
  An ooze (D:4)
  2 adder zombies (Ossuary)
  2 worms
  3 dart slugs
  3 leopard geckos
  4 orcs
  2 giant cockroaches (D:1)
  13 goblins
  8 hobgoblins
  A jackal (D:3)
  2 quokkas
  A ball python (D:1)
  10 bats
  A frilled lizard (D:3)
  A gnoll zombie (Ossuary)
  A goblin zombie (D:4)
  A jackal zombie (Ossuary)
  6 kobolds
  2 orc zombies (Ossuary)
  10 rats
  3 rat zombies
91 creatures vanquished.

Vanquished Creatures (others)
  A hobgoblin zombie (Ossuary)
  An orc zombie (Ossuary)
  A rat zombie (Ossuary)
3 creatures vanquished.

Grand Total: 94 creatures vanquished

Notes
Turn   | Place    | Note
-------+----------+-------------------------------------------
     0 | D:1      | Revguard the Demonspawn Gladiator began the quest for the Orb.
     0 | D:1      | Reached XP level 1. HP: 16/16 MP: 1/1
    92 | D:1      | Gained mutation: You are surrounded by a mild repulsion field. (EV +2) [demonic ancestry]
    92 | D:1      | Reached XP level 2. HP: 19/22 MP: 2/2
   392 | D:1      | Reached skill level 3 in Long Blades
   561 | D:1      | Gained mutation: You are surrounded by a moderate repulsion field. (EV +3) [demonic ancestry]
   561 | D:1      | Reached XP level 3. HP: 24/27 MP: 2/4
   837 | D:1      | Reached skill level 1 in Armour
  1038 | D:2      | Noticed Terence
  1055 | D:2      | Killed Terence
  1055 | D:2      | Reached skill level 1 in Spellcasting
  1248 | D:2      | Found a faded altar of an unknown god.
  1258 | D:2      | Gained mutation: Your flesh is heat resistant. (rF+) [demonic ancestry]
  1258 | D:2      | Reached XP level 4. HP: 31/34 MP: 5/5
  1263 | D:2      | Became a worshipper of Cheibriados the Contemplative
  1263 | D:2      | Reached * piety under Cheibriados
  1628 | D:3      | Noticed IceCat's ghost (amateur GrEE)
  2579 | D:3      | Reached ** piety under Cheibriados
  2704 | D:4      | Found a sand-covered staircase.
  2736 | Ossuary  | Entered an ossuary
  2778 | Ossuary  | Reached XP level 5. HP: 6/39 MP: 7/7
  3035 | Ossuary  | HP: 2/40 [mummy (12)]
  3039 | Ossuary  | Reached skill level 1 in Invocations
  3078 | Ossuary  | Reached skill level 4 in Long Blades
  3262 | D:4      | Found a burning altar of Makhleb.
  3398 | D:4      | Noticed Ablot's ghost (novice GnEn)
  3479 | D:4      | Gained mutation: You are robust. (+10% HP) [potion of mutation]
  3479 | D:4      | Gained mutation: You have an increased reservoir of magic. (+10% MP) [potion of mutation]
  3479 | D:4      | Gained mutation: Your mind is acute. (Int +2) [potion of mutation]
  3479 | D:4      | Gained mutation: Your system is resistant to poisons. (rPois) [potion of mutation]
  3489 | D:4      | Killed Ablot's ghost
  3489 | D:4      | Reached XP level 6. HP: 13/52 MP: 7/10
  3489 | D:4      | Gained mutation: You have large cloven feet. [demonic ancestry]
  3489 | D:4      | Reached XP level 7. HP: 14/58 MP: 7/11
  4489 | D:5      | Entered Level 5 of the Dungeon
  4564 | D:5      | Reached skill level 5 in Long Blades
  4571 | D:5      | HP: 2/58 [orc priest/divine providence (13)]
  4572 | D:5      | Slain by a centaur

Skill      XL: |  1  2  3  4  5  6  7 |
---------------+----------------------+-----
Dodging        | 3 |  3.0
Long Blades    | 3 4 5 |  5.0
Armour         | 1 2 |  2.6
Spellcasting   | 1 2 |  2.3
Invocations    | 2 |  2.6
Fighting       | 3 |  3.8
Throwing       | |  1.7

Action                   |  1- 3 |  4- 6 |  7- 9 || total
-------------------------+-------+-------+-------++-------
Melee: Long sword        |    88 |   169 |    20 ||   277
       Kick              |       |       |     9 ||     9
  Use: Scroll            |       |     9 |       ||     9
       Potion            |       |     7 |     1 ||     8
  Eat: Ration            |     1 |       |     1 ||     2
Armor: Leather armour    |    32 |    45 |     8 ||    85
Dodge: Dodged            |    99 |   182 |    25 ||   306
       Rpst.: Long sword |    36 |    42 |     6 ||    84
